 Dungeon Crawl Stone Soup version 0.20.1-1-g8b1a95d (webtiles) character file.

44 grizmgrazm2 the Sneak (level 3, 0/24 HPs)
             Began as a Vampire Enchanter on Oct 8, 2017.
             Killed by nerve-wracking pain
             ... invoked by Jessica
              (5 damage)
             ... on level 2 of the Dungeon.
             The game lasted 00:05:31 (2325 turns).

grizmgrazm2 the Sneak (Vampire Enchanter)           Turns: 2325, Time: 00:05:32

Health: 0/24       AC:  0    Str:  7    XL:     3   Next: 41%
Magic:  3/6        EV: 20    Int: 18    God:
Gold:   101        SH:  0    Dex: 19    Spells: 1/6 levels left

rFire    . . .     SeeInvis +   (weapon currently unavailable)
rCold    . . .     Gourm    .   (shield currently unavailable)
rNeg     + . .     Faith    .   (armour currently unavailable)
rPois    .         Spirit   .   (helmet currently unavailable)
rElec    .         Reflect  .   (cloak currently unavailable)
rCorr    .         Harm     .   (gloves currently unavailable)
MR       .....                  (boots currently unavailable)
Stlth    +++++.....             (no amulet)
Regen    0.1/turn               (ring currently unavailable)
MPRegen  0.1/turn               (ring currently unavailable)

@: bat-form, flying, very quick
A: fangs 3, see invisible
a: End Transformation


You were on level 2 of the Dungeon.
You were not thirsty.
You were in vampire-bat-form.
You visited 1 branch of the dungeon, and saw 3 of its levels.

You collected 101 gold pieces.

Inventory:

Hand Weapons
 a - a +1 dagger
 m - a +0 dagger of protection (melded)
Armour
 b - a +0 robe (melded)
 e - a +0 pair of boots (melded)
 n - a +2 hat (melded)
Jewellery
 f - a +4 ring of intelligence (melded)
 i - an uncursed ring of protection from cold {unknown}
Scrolls
 g - a scroll of magic mapping
 p - a scroll of blinking {unknown}
 q - a scroll of remove curse
Potions
 d - 8 potions of blood
 h - 2 potions of degeneration {unknown}
 j - a potion of lignification {unknown}
 k - 3 potions of ambrosia {unknown}
 l - a potion of flight {unknown}
 o - a potion of haste {unknown}
Books
 c - a book of Maledictions

   Spells                             Type                      Level
   a - Corona                         Hexes                        1
   b - Ensorcelled Hibernation        Hexes/Ice                    2
   c - Confuse                        Hexes                        3
   d - Tukima's Dance                 Hexes                        3
   e - Dazzling Spray                 Conjuration/Hexes            3


   Skills:
 + Level 1.3 Short Blades
 + Level 2.5 Dodging
 + Level 5.3 Stealth
 + Level 2.2 Spellcasting
 + Level 5.1 Hexes
 + Level 0.8 Ice Magic


You had one spell level left.
You knew the following spells:

 Your Spells              Type           Power        Failure   Level  Hunger
a - Ensorcelled Hibernat  Hex/Ice        ##....       8%          2    ##.....
b - Confuse               Hex            ###.....     6%          3    ###....


Dungeon Overview and Level Annotations

Branches:
Dungeon (3/15)

Altars:

Annotations:
D:2 Jessica


Innate Abilities, Weirdness & Mutations

You have razor-sharp teeth.
You have supernaturally acute eyesight. (SInv)
((You can survive without breathing.))


Message History

You feel sick.
You feel sick.
Jessica gestures wildly while chanting.
Jessica blinks!
You feel sick.
Jessica gestures wildly while chanting.
Jessica blinks!
Jessica gestures at you while chanting. Pain shoots through your body!
* * * LOW HITPOINT WARNING * * *
You feel sick.
Jessica shouts, "You are a ghastly nuisance!"
You feel sick.
You are no longer poisoned.
You see here a club.
You see here a club.
You see here a leather armour.
Jessica casts a spell at you. Pain shoots through your body!
You die...

#######.#..<.......##.###
#.#..####...####.#.
#.#..#####.######.#
#............@...##
#.##.......#####.#
#........>.......#
#..############### #..#
#.b# #..# #.[# #..#
###### #.@# #....S #.)#
#@#### #..###########.#
#...........##.####
##.............##..


You could see Jessica.

Vanquished Creatures
  A worm (D:2)
  A leopard gecko (D:1)
  3 giant cockroaches
  4 goblins
  5 hobgoblins
  6 jackals
  A ball python (D:2)
  4 bats
  3 frilled lizards (D:2)
  6 kobolds
  3 rats
37 creatures vanquished.

Notes
Turn   | Place    | Note
-------+----------+-------------------------------------------
     0 | D:1      | grizmgrazm2 the Vampire Enchanter began the quest for the Orb.
     0 | D:1      | Reached XP level 1. HP: 13/13 MP: 3/3
   256 | D:1      | Reached XP level 2. HP: 19/19 MP: 5/5
   260 | D:1      | Learned a level 2 spell: Ensorcelled Hibernation
  1360 | D:2      | Reached skill level 5 in Stealth
  1454 | D:2      | Reached skill level 5 in Hexes
  1454 | D:2      | Reached XP level 3. HP: 24/24 MP: 0/6
  1459 | D:2      | Learned a level 3 spell: Confuse
  2262 | D:3      | Noticed Jessica
  2325 | D:2      | Killed from afar by Jessica

Skill      XL: |  1  2 |
---------------+-------+-----
Stealth        | 5 |  5.3
Hexes          | 5 |  5.1
Short Blades   | |  1.3
Dodging        | |  2.5
Spellcasting   | |  2.2
Ice Magic      | |  0.8

Action                   || total
-------------------------++-------
Melee: Dagger            ||    76
       Bite              ||     7
 Cast: Corona            ||     3
       Ensorcelled Hiber ||    27
       Confuse           ||     1
 Abil: Bat Form          ||     1
  Use: Scroll            ||     5
       Potion            ||     2
 Stab: Sleeping          ||    28
Armor: Robe              ||    23
Dodge: Dodged            ||    68
